 Dungeon Crawl Stone Soup version 0.29.1-1-gd02db6906a (webtiles) character file.

Game seed: 9663087311811429667

576 Zeld the Chopper (level 7, -1/61 HPs)
             Began as a Minotaur Berserker on Oct 14, 2022.
             Was a Priest of Trog.
             Slain by an ogre
             ... wielding a +0 giant spiked club
              (27 damage)
             ... on level 5 of the Dungeon.
             The game lasted 00:03:00 (5686 turns).

Zeld the Chopper (Minotaur Berserker)               Turns: 5686, Time: 00:03:01

Health: -1/61      AC:  2    Str: 24    XL:     7   Next: 12%
Magic:  6/6        EV: 12    Int:  4    God:    Trog [***...]
Gold:   233        SH:  0    Dex:  9    Spells: 6/6 levels left

rFire   . . .      SeeInvis .   a - +0 war axe
rCold   . . .      Faith    .   (no shield)
rNeg    . . .      Spirit   .   b - +0 animal skin
rPois   .          Reflect  .   (helmet restricted)
rElec   .          Harm     .   (no cloak)
rCorr   +          Rampage  .   (no gloves)
Will    .....                   (no boots)
Stlth   +.........              (no amulet)
HPRegen 0.20/turn               l - ring of resist corrosion
MPRegen 0.10/turn               (no ring)

@: no status effects
A: horns 2, retaliatory headbutt
a: Renounce Religion, Berserk, Trog's Hand


You were on level 5 of the Dungeon.
You worshipped Trog.
Trog was most pleased with you.
You visited 1 branch of the dungeon, and saw 5 of its levels.

You collected 233 gold pieces.

Inventory:

Hand Weapons
 a - a +0 war axe (weapon)
Armour
 b - a +0 animal skin (worn)
Jewellery
 k - a ring of protection from cold
 l - a ring of resist corrosion (left hand)
Scrolls
 c - 2 scrolls of noise {unknown}
 h - 2 scrolls of identify {unknown}
 m - 2 scrolls of amnesia {unknown}
 o - 4 scrolls of enchant weapon {unknown}
 p - a scroll of vulnerability {unknown}
 r - 4 scrolls of immolation {unknown}
 s - a scroll of blinking {unknown}
 t - a scroll of fog {unknown}
 v - a scroll of summoning {unknown}
Potions
 d - 2 potions of might {unknown}
 e - a potion of ambrosia {unknown}
 f - 2 potions of degeneration {unknown}
 g - a potion of heal wounds {unknown}
 i - 2 potions of curing {unknown}
 j - 2 potions of resistance {unknown}
 n - a potion of magic {unknown}
 q - 2 potions of attraction {unknown}
 u - a potion of mutation {unknown}
 w - 2 potions of lignification {unknown}


   Skills:
 + Level 5.4 Fighting
 * Level 6.7 Axes
 + Level 4.7 Armour
 + Level 4.3 Dodging


You had 6 spell levels left.
You didn't know any spells.
Your spell library was empty.

Dungeon Overview and Level Annotations

Branches:
Dungeon (5/15)
 Temple: D:4-7

Altars:
Kikubaaqudgha


Innate Abilities, Weirdness & Mutations

You have a pair of horns on your head.
You reflexively headbutt those who attack you in melee.


Message History

m - 2 scrolls labelled MOIDAS ARUITY (gained 1) Key pressed, stopping explore.
No target in view!
w - 2 sedimented orange potions No target in view!
Done exploring.
No target in view!
Done exploring.
No target in view!
Done exploring.
No target in view!
Done exploring.
Done exploring.
You see here a +0 halberd.
You see here a +0 club.
There is an open door, spattered with blood here.
There is an open door here.
You see here a +0 club.
There is a stone staircase leading down here.
You climb downwards.
There is a stone staircase leading up here.
There are monsters nearby!
The ogre shouts!
The ogre hits you with a +0 giant spiked club!
An ogre is nearby!
An ogre is nearby!
You slash the ogre! You headbutt the ogre!
The ogre is almost dead.
There are monsters nearby!
You hit the ogre but do no damage.
The ogre is almost dead.
The ogre hits you with a +0 giant spiked club!!
You are too injured to fight recklessly!
You are too injured to fight recklessly!
You are too injured to fight recklessly!
There are monsters nearby!
You hit the ogre.
The ogre is almost dead.
The ogre hits you with a +0 giant spiked club!!
You die...

# # ## .## ###.
####.#...#
.....#..O.....#
.......@.W....#
##.....<##....#
#............#
##...........#
.............##
#.............#
#..............
##########....#
...##


You could see an ogre and a phantom.

Vanquished Creatures
  3 hounds (D:4)
  3 orc priests (D:4)
  A jelly (D:4)
  2 iguanas (D:4)
  2 orc wizards (D:4)
  6 gnolls (D:4)
  11 adders
  2 worms
  4 dart slugs
  9 orcs
  7 endoplasms
  2 giant cockroaches (D:1)
  12 goblins
  6 hobgoblins
  5 quokkas
  11 ball pythons
  2 bats (D:1)
  5 frilled lizards
  9 kobolds
  6 rats
108 creatures vanquished.

Vanquished Creatures (others)
  A human (D:3)
  5 fungi (D:4)
6 creatures vanquished.

Grand Total: 114 creatures vanquished

Notes
Turn   | Place    | Note
-------+----------+-------------------------------------------
     0 | D:1      | Zeld the Minotaur Berserker began the quest for the Orb.
     0 | D:1      | Reached XP level 1. HP: 19/19 MP: 0/0
   129 | D:1      | Reached XP level 2. HP: 26/27 MP: 1/1
   165 | D:1      | Reached skill level 4 in Axes
   625 | D:1      | Reached ** piety under Trog
   768 | D:1      | Reached XP level 3. HP: 31/33 MP: 2/2
   835 | D:1      | You fall into a shaft and drop 1 floor!
  1720 | D:2      | Reached XP level 4. HP: 39/40 MP: 3/3
  1926 | D:2      | Found a faded altar of an unknown god.
  2079 | D:2      | Reached skill level 5 in Axes
  2749 | D:3      | Reached XP level 5. HP: 19/47 MP: 4/4
  3418 | D:3      | Found an ancient bone altar of Kikubaaqudgha.
  3418 | D:3      | Noticed a human
  3421 | D:3      | Killed a human
  3787 | D:4      | Reached *** piety under Trog
  4331 | D:4      | Reached XP level 6. HP: 6/55 MP: 5/5
  4611 | D:4      | Reached skill level 5 in Fighting
  4623 | D:4      | Reached skill level 6 in Axes
  5276 | D:4      | Reached XP level 7. HP: 40/61 MP: 6/6
  5682 | D:5      | Entered Level 5 of the Dungeon
  5686 | D:5      | Slain by an ogre

Illustrated notes

Levels and vault maps discovered:
D:1:      lightli_arrival_lavapool, layout_rooms
D:2:      kennysheep_six_static_rooms, layout_loops_ring,
          ebering_ecumenical_altar_abandoned
D:3:      layout_basic, tgw_kikubaaqudgha
D:4:      layout_basic, dreamdust_gnoll_farm
D:5:      layout_cave_pools, kennysheep_generic_room_2

Skill      XL: |  1  2  3  4  5  6 |
---------------+-------------------+-----
Axes           | 4 5 6 |  6.7
Fighting       | 4 5 |  5.4
Armour         | 3 4 |  4.7
Dodging        | 3 4 |  4.3

Action                   |  1- 3 |  4- 6 |  7- 9 || total
-------------------------+-------+-------+-------++-------
Melee: Hand axe          |    87 |   152 |     6 ||   245
       Headbutt          |     8 |    25 |     5 ||    38
       Punch             |       |     1 |       ||     1
       War axe           |       |       |     3 ||     3
 Stab: Sleeping          |       |     1 |       ||     1
Armor: Animal skin       |     8 |    18 |       ||    26
Dodge: Dodged            |    45 |   119 |     3 ||   167
